 Dungeon Crawl Stone Soup version 0.26-a0-639-g72c4674329 (webtiles) character file.

Game seed: 14111001452588320298

2029 Borgoz the Cleaver (level 9, -16/81 HPs)
             Began as a Hill Orc Berserker on Sept 19, 2020.
             Was a Priest of Trog.
             Killed from afar by Maggie (19 damage)
             ... with a bolt of fire
             ... on level 6 of the Dungeon.
             The game lasted 00:08:00 (6528 turns).

Borgoz the Cleaver (Hill Orc Berserker)             Turns: 6528, Time: 00:08:00

Health: -16/81     AC: 11    Str: 20    XL:     9   Next: 23%
Magic:  9/9        EV: 12    Int:  7    God:    Trog [***...]
Gold:   259        SH:  5    Dex: 13    Spells: 8/8 levels left

rFire    . . .     SeeInvis .   a - +0 hand axe
rCold    . . .     Faith    .   (no shield)
rNeg     . . .     Spirit   .   t - +0 scale mail
rPois    .         Reflect  +   i - +0 helmet
rElec    .         Harm     .   e - +0 cloak
rCorr    .         Rampage  .   (no gloves)
MR       .....                  h - +0 pair of boots
Stlth    ..........             f - amulet of reflection
HPRegen  0.23/turn              (no ring)
MPRegen  0.11/turn              (no ring)

@: lethally poisoned (-16 -> -26), berserk cooldown, slowed, very slow
A: no striking features
a: Berserk, Trog's Hand, Renounce Religion


You were on level 6 of the Dungeon.
You worshipped Trog.
Trog was most pleased with you.
You visited 2 branches of the dungeon, and saw 7 of its levels.

You collected 259 gold pieces.

Inventory:

Hand Weapons
 a - a +0 hand axe (weapon)
 b - a +0 morningstar
Missiles
 u - 2 throwing nets (quivered)
Armour
 e - a +0 cloak (worn)
 h - a +0 pair of boots (worn)
 i - a +0 helmet (worn)
 t - a +0 scale mail (worn)
Jewellery
 f - an amulet of reflection (around neck)
 p - an uncursed amulet of guardian spirit
 x - an uncursed amulet of regeneration
Wands
 o - a wand of flame (24)
Scrolls
 c - a scroll of fear {unknown}
 g - 2 scrolls of enchant weapon
 m - 7 scrolls of remove curse {unknown}
 q - a scroll of magic mapping {unknown}
 s - 4 scrolls of teleportation {unknown}
 w - a scroll of random uselessness {unknown}
Potions
 j - a potion of flight {unknown}
 k - a potion of berserk rage {unknown}
 l - 2 potions of lignification
 n - 2 potions of heal wounds {unknown}
 r - a potion of haste
 v - a potion of stabbing {unknown}


   Skills:
 + Level 8.0 Fighting
 + Level 8.8 Axes
 + Level 6.8 Armour
 + Level 5.1 Dodging


You had 8 spell levels left.
You didn't know any spells.
Your spell library was empty.

Dungeon Overview and Level Annotations

Branches:
Dungeon (6/15)             Temple (1/1) D:5

Altars:
Ashenzari
Dithmenos
Kikubaaqudgha
Makhleb
Ru
Sif Muna
Wu Jian

Annotations:
D:6 Maggie


Message History

The bolt of fire misses you. Maggie casts a spell at you.
The bolt of fire hits you!
* * * LOW HITPOINT WARNING * * *
You hit Maggie.
Maggie is almost dead.
You feel less wooden.
Your +0 cloak unmelds from your body.
Your +0 helmet unmelds from your body.
Your +0 pair of boots unmelds from your body.
Your +0 scale mail unmelds from your body.
Maggie hits you but does no damage.
You are lethally poisoned!
You closely miss Maggie.
Maggie is almost dead.
You break out of your daze.
* * * LOW HITPOINT WARNING * * *
You feel sick. Maggie casts a spell at you. The bolt of fire hits you!!
You die...

####.# .#...
##..#.. .....
#..... ......
#....##....
#.......#
##....<..#
#......####.
##...........
##.@.#####..
#..@..#
#§§...§.#
#.§§§..§.§#
....§§§......
#...§§.§.....§.
#....§§§§§§§§§.
.##..§§.§§§§#..


You could see Maggie.

Vanquished Creatures
  Grinder (D:3)
  Menkaure (D:5)
  A water moccasin (D:5)
  A sky beast (D:5)
  2 ice beasts
  4 ogres
  3 centaurs (D:5)
  A water moccasin skeleton (D:6)
  A scorpion (D:4)
  A bullfrog zombie (D:5)
  3 hounds
  A jelly (D:5)
  An orc priest (D:4)
  Natasha (thrice) (D:2)
  Ijyb (D:3)
  Terence (D:3)
  2 worker ants (D:4)
  A hound zombie (D:5)
  Robin (D:2)
  A worker ant zombie (D:5)
  8 gnolls
  6 adders
  A shadow imp (D:5)
  A white imp (D:5)
  An ooze (D:3)
  3 worms
  2 dart slugs
  3 leopard geckos
  9 orcs
  8 bats
  8 giant cockroaches
  25 goblins
  10 hobgoblins
  21 jackals
  2 ball pythons (D:2)
  5 frilled lizards
  A jackal skeleton (D:4)
  4 kobolds
  2 leopard gecko zombies (D:5)
  2 quokka skeletons
  4 rats
157 creatures vanquished.

Notes
Turn   | Place    | Note
-------+----------+-------------------------------------------
     0 | D:1      | Borgoz the Hill Orc Berserker began the quest for the Orb.
     0 | D:1      | Reached XP level 1. HP: 19/19 MP: 1/1
   228 | D:1      | Reached XP level 2. HP: 23/27 MP: 2/2
   648 | D:1      | Reached XP level 3. HP: 33/33 MP: 3/3
   866 | D:2      | Reached XP level 4. HP: 36/41 MP: 4/4
  1119 | D:2      | Noticed Robin
  1122 | D:2      | Reached ** piety under Trog
  1129 | D:2      | Killed Robin
  1137 | D:2      | Reached skill level 5 in Axes
  1345 | D:2      | Noticed Natasha
  1357 | D:2      | Killed Natasha
  1357 | D:2      | Reached XP level 5. HP: 36/47 MP: 5/5
  1402 | D:2      | Noticed Natasha
  1424 | D:2      | Killed Natasha
  1634 | D:2      | Noticed Natasha
  1649 | D:2      | Killed Natasha
  1778 | D:2      | Found a burning altar of Makhleb.
  2000 | D:3      | Reached *** piety under Trog
  2010 | D:3      | Reached skill level 5 in Fighting
  2016 | D:3      | Reached XP level 6. HP: 47/56 MP: 6/6
  2409 | D:3      | Noticed Terence
  2410 | D:3      | Noticed Grinder
  2419 | D:3      | Killed Terence
  2428 | D:3      | Killed Grinder
  2428 | D:3      | Reached XP level 7. HP: 61/61 MP: 7/7
  2687 | D:3      | Noticed Ijyb
  2707 | D:3      | Killed Ijyb
  3468 | D:3      | Reached **** piety under Trog
  3759 | D:4      | Reached skill level 5 in Armour
  3762 | D:4      | Reached XP level 8. HP: 66/71 MP: 8/8
  4801 | D:5      | Entered Level 5 of the Dungeon
  5222 | D:5      | Found a staircase to the Ecumenical Temple.
  5266 | Temple   | Entered the Ecumenical Temple
  5549 | D:5      | Reached XP level 9. HP: 67/79 MP: 9/9
  5688 | D:5      | Noticed Menkaure
  5700 | D:5      | Killed Menkaure
  5700 | D:5      | Reached skill level 5 in Dodging
  6037 | D:5      | Found a shattered altar of Ashenzari.
  6487 | D:6      | Found a shadowy altar of Dithmenos.
  6487 | D:6      | Noticed Maggie
  6526 | D:6      | HP: 6/121 [Maggie/bolt of fire (15)]
  6528 | D:6      | Killed from afar by Maggie

Illustrated notes

Levels and vault maps discovered:
D:1:      lightli_iron_boxes, layout_basic, due_unseen_surprise
D:2:      layout_basic, bloody_makhleb, uniq_robin, uniq_natasha
D:3:      kennysheep_goblin_castle, layout_basic, uniq_terence, uniq_ijyb,
          uniq_grinder
D:4:      layout_cave_pods
D:5:      layout_cave_pods, ashenzari_conservatory_becter,
          minmay_temple_entry_enclosed_plants, uniq_menkaure
D:6:      layout_cave_pools, grunt_temple_overflow_holy_war,
          nicolae_dithmenos_the_darkroom, uniq_maggie, uniq_crazy_yiuf_cottage
Temple:   minmay_temple_curvy_branch

Skill      XL: |  1  2  3  4  5  6  7  8  9 |
---------------+----------------------------+-----
Fighting       | 4 5 6 7 8 |  8.0
Dodging        | 2 3 4 5 |  5.1
Armour         | 3 4 5 6 |  6.8
Axes           | 5 6 7 8 |  8.8

Action                   |  1- 3 |  4- 6 |  7- 9 || total
-------------------------+-------+-------+-------++-------
Melee: Hand axe          |    64 |   158 |   397 ||   619
Invok: Berserk           |     2 |     3 |     4 ||     9
       Trog's Hand       |       |     1 |     1 ||     2
  Use: Scroll            |     3 |     1 |     2 ||     6
       Potion            |       |       |     3 ||     3
Armor: Animal skin       |     8 |       |       ||     8
       Ring mail         |     5 |    54 |    69 ||   128
       Scale mail        |       |       |    52 ||    52
       Skin              |       |       |    11 ||    11
Dodge: Dodged            |    43 |    91 |   194 ||   328
Block: Other             |    15 |    33 |    70 ||   118
       Reflection        |     1 |     2 |     5 ||     8

Table legend: (Time is in decaauts)
 A = Elapsed time spent in this place.
 B = Non-inter-level travel time spent in this place.
 C = Inter-level travel time spent in this place.
 D = Time resting spent in this place.
 E = Time spent auto-exploring this place.
 F = Levels seen in this place.
 G = Mean time per level.
                   A        B        C        D        E       F      G
               +--------+--------+--------+--------+--------+-----+--------+
         Total |   6579 |   6307 |    272 |   1468 |   3689 |   7 |  939.9 |
       Dungeon |   6487 |   6234 |    253 |   1468 |   3617 |   6 | 1081.2 |
        Temple |     91 |     72 |     19 |      0 |     72 |   1 |   91.0 |
               +--------+--------+--------+--------+--------+-----+--------+

Top non-repeatable levels by time:
     D:3: 1664 daAuts
     D:5: 1590 daAuts
     D:2: 1200 daAuts
     D:4: 1185 daAuts
     D:1: 802 daAuts
  Temple: 91 daAuts
     D:6: 44 daAuts
